 Dungeon Crawl Stone Soup version 0.28-a0-804-g60983d4ba9 (webtiles) character file.

Game seed: 5139968994748083482

66 vurker the Gusty (level 4, -6/28 HPs)
             Began as an Octopode Air Elementalist on Nov 7, 2021.
             Mangled by a gnoll (12 damage)
             ... on level 3 of the Dungeon.
             The game lasted 00:01:54 (2154 turns).

vurker the Gusty (Octopode Air Elementalist)        Turns: 2154, Time: 00:01:55

Health: -6/28      AC:  1    Str:  7    XL:     4   Next: 15%
Magic:  6/8        EV: 13    Int: 18    God:
Gold:   89         SH:  0    Dex: 12    Spells: 7/8 levels left

rFire   . . .      SeeInvis .   d - +0 dagger
rCold   . . .      Faith    .   (no shield)
rNeg    . . .      Spirit   .   (helmet restricted)
rPois   .          Reflect  .   (no amulet)
rElec   .          Harm     .   (no ring)
rCorr   .          Rampage  .   (no ring)
Will    .....                   (no ring)
Stlth   +++.......              (no ring)
HPRegen 0.09/turn               (no ring)
MPRegen 0.11/turn               (no ring)
                                (no ring)
                                (no ring)

@: no status effects
A: almost no armour, amphibious, 8 rings, camouflage 1, gelatinous body 1,
(nimble swimmer 1), tentacles
a: no special abilities


You were on level 3 of the Dungeon.
You visited 1 branch of the dungeon, and saw 3 of its levels.

You collected 89 gold pieces.

Inventory:

Hand Weapons
 d - a +0 dagger (weapon)
   (You took it off a goblin on level 1 of the Dungeon)
Scrolls
 a - a scroll of vulnerability {unknown}
 c - 2 scrolls of identify {unknown}
Potions
 b - a potion of ambrosia {unknown}
 e - a potion of heal wounds {unknown}
 f - 3 potions of magic {unknown}
 g - a potion of degeneration {unknown}


   Skills:
 + Level 1.2 Fighting
 - Level 2.0 Dodging
 - Level 2.6 Stealth
 * Level 2.7 Spellcasting
 + Level 1.7 Conjurations
 * Level 3.7 Air Magic


You had 7 spell levels left.
You knew the following spells:

 Your Spells              Type           Power      Damage    Failure   Level
a - Shock                 Conj/Air       48%        1d6       5%          1

Your spell library contained the following spells:

 Spells                   Type           Power      Damage    Failure   Level
 Static Discharge         Conj/Air       12%        N/A       9%          2
 Swiftness                Air            15%        N/A       11%         3
 Airstrike                Air            7%         N/A       34%         4


Dungeon Overview and Level Annotations

Branches:
Dungeon (3/15)

Altars:

Shops:
D:2 [


Innate Abilities, Weirdness & Mutations

You cannot wear most types of armour.
You are amphibious.
You can wear up to eight rings at the same time.
Your skin changes colour to match your surroundings (Stealth+).
Your rubbery body absorbs attacks. (AC +1, EV +1)
((You are camouflaged near water. (Stealth+)))
You have tentacles for arms and can constrict up to eight enemies at once.


Message History

A dart slug comes into view.
A dart slug is nearby!
A dart slug is nearby!
Aim: a dart slug (asleep, 100% to hit)
The zap hits the plant.
The plant begins to die.
The zap hits the dart slug.
You can't see any susceptible monsters within range! (Use Z to cast anyway.)
You can't see any susceptible monsters within range! (Use Z to cast anyway.)
A dart slug is nearby!
A dart slug is nearby!
Aim: a dart slug (moderately wounded, 100% to hit)
The zap hits the plant.
The zap hits the dart slug.
A nearby plant withers and dies.
Aim: a dart slug (severely wounded, 100% to hit)
The zap hits the dart slug.
You kill the dart slug!
You can't see any susceptible monsters within range! (Use Z to cast anyway.)
A bat comes into view.
Aim: a bat (asleep, 100% to hit)
The zap hits the plant.
The plant begins to die.
The zap hits the bat.
A bat is nearby!
A bat is nearby!
Aim: a bat (moderately wounded, 52% to hit)
The zap hits the bat.
You kill the bat!
You can't see any susceptible monsters within range! (Use Z to cast anyway.)
You can't see any susceptible monsters within range! (Use Z to cast anyway.)
You can't see any susceptible monsters within range! (Use Z to cast anyway.)
A nearby plant withers and dies.
g - a brown potion You see here a dart slug corpse.
Done exploring.
Done exploring.
Done exploring.
Done exploring.
There is a stone staircase leading down here.
You climb downwards.
Found 18 gold pieces.
There is a stone staircase leading up here.
The zap hits the gnoll.
The gnoll shouts!
The zap hits the gnoll.
The gnoll hits you from afar with a +0 halberd!
The gnoll shouts!
Aim: a gnoll, wielding a +0 halberd (72% to hit)
The zap hits the gnoll.
The gnoll hits you from afar with a +0 halberd!
* * * LOW HITPOINT WARNING * * *
The gnoll barely misses you.
The gnoll hits you from afar with a +0 halberd!
You die...

##########
#........#
#........#
#........#
#........#
#..ggg...####
#..g.........
#.$..@...#
#....$...#
#........#
######.### ..
#.# .# .#


You could see 4 gnolls.

Vanquished Creatures
  3 adders (D:2)
  3 dart slugs
  2 ball pythons (D:2)
  3 bats (D:2)
  4 endoplasms
  A giant cockroach (D:1)
  6 goblins
  A hobgoblin (D:2)
  A quokka (D:2)
  4 kobolds
  3 rats
31 creatures vanquished.

Vanquished Creatures (others)
  2 plants (D:2)
2 creatures vanquished.

Grand Total: 33 creatures vanquished

Notes
Turn   | Place    | Note
-------+----------+-------------------------------------------
     0 | D:1      | vurker the Octopode Air Elementalist began the quest for
                  | the Orb.
     0 | D:1      | Reached XP level 1. HP: 11/11 MP: 3/3
   286 | D:1      | Reached XP level 2. HP: 18/18 MP: 0/5
   641 | D:1      | Found a faded altar of an unknown god.
   914 | D:2      | Found Marukara's Antique Armour Emporium.
  1058 | D:2      | Reached XP level 3. HP: 22/22 MP: 0/6
  1206 | D:2      | Reached skill level 1 in Fighting
  1750 | D:2      | Reached XP level 4. HP: 16/28 MP: 1/8
  2154 | D:3      | Mangled by a gnoll

Illustrated notes

Levels and vault maps discovered:
D:1:      nzn_arrival_depleted_hourglass, layout_basic,
          ebering_ecumenical_altar_ruins
D:2:      layout_rooms, serial_shops,
          nicolae_shop_temple_entry_statues_fountains, grunt_ministairs_1,
          serial_bayou_pond_a
D:3:      layout_rooms, nicolae_wu_jian_immortal_techniques,
          kennysheep_generic_room_4, uniq_robin

Skill      XL: |  1  2  3 |
---------------+----------+-----
Fighting       | 1 |  1.2
Dodging        | |  2.0
Stealth        | |  2.6
Spellcasting   | |  2.7
Conjurations   | |  1.7
Air Magic      | |  3.7

Action                   |  1- 3 |  4- 6 || total
-------------------------+-------+-------++-------
Melee: Unarmed           |     6 |       ||     6
       Constrict         |     3 |       ||     3
 Cast: Shock             |    60 |    10 ||    70
 Stab: Sleeping          |     1 |       ||     1
Dodge: Dodged            |    12 |     1 ||    13

Table legend: (Time is in decaauts)
 A = Elapsed time spent in this place.
 B = Non-inter-level travel time spent in this place.
 C = Inter-level travel time spent in this place.
 D = Time resting spent in this place.
 E = Time spent auto-exploring this place.
 F = Levels seen in this place.
 G = Mean time per level.
                   A        B        C        D        E       F      G
               +--------+--------+--------+--------+--------+-----+--------+
         Total |   2154 |   2148 |      6 |    163 |   1778 |   3 |  718.0 |
       Dungeon |   2154 |   2148 |      6 |    163 |   1778 |   3 |  718.0 |
               +--------+--------+--------+--------+--------+-----+--------+

Top non-repeatable levels by time:
     D:2: 1316 daAuts
     D:1: 835 daAuts
     D:3: 2 daAuts
